Unix NetHack Version 5.0.0-0 post-release - last build May  4 2026 22:22:43 (774f63e81ad911689b3a0859ea89b322d5daca8d,branch:main).

Game began 2026-05-10 11:22:24, ended 2026-05-10 11:36:35.

Eymerich, chaotic male elven Priest

                                                ---
                                                ..
                                                .
                                            ---.|
                                          ---...
                                         --...-
                                         |...<--
                                         --...f--
                                          |..@..--
                                          --.)...--
                                           |......---
                                        -- |-GG.....|
                                        .. |........|
                                        -.||..G..#---
                                        |.#---...-#
                                        |..#--....--
                                         -.--......|
                                         |.........-
                                         |...--.....|
                                         --------..--
                                                 ---
Eymerich the Acolyte         St:16 Dx:10 Co:12 In:11 Wi:18 Ch:9  Chaotic
Dlvl:3  $:41 HP:0(27) Pw:19(49) AC:9  Xp:4 T:1306  Hungry  

Latest messages:
 In what direction?
 You feel better.
 Puffa misses the dwarf.
 The hobbit throws a dagger!
 The dagger hits the gas spore.
 Puffa misses the dwarf.
 You miss the dwarf.
 Puffa misses the dwarf.
 The dwarf swings his broad pick.
 The dwarf hits!
 Puffa misses the dwarf.
 You miss the dwarf.
 Puffa misses the dwarf.
 You miss the dwarf.
 Puffa misses the dwarf.
 In what direction?
 You feel better.
 Puffa misses the dwarf.
 You hit the gas spore!
 Puffa misses the dwarf.
 The hobbit picks up a dagger.
 The dwarf swings his broad pick.
 The dwarf hits!
 Puffa misses the dwarf.
 You kill the gas spore!
 Boom!
 The hobbit is caught in the gas spore's explosion!
 You kill the hobbit!
 The dwarf is caught in the gas spore's explosion!
 The dwarf resists the gas spore's explosion!
 You kill the dwarf!
 Welcome to experience level 4.
 You feel awake!
 You are caught in the gas spore's explosion!
 Puffa eats a dwarf corpse.
 You feel hungry.
 In what direction?
 You feel better.
 You see here a dagger.
 The gnome lord shoots 3 crossbow bolts!
 You are hit by the 1st crossbow bolt!
 You are hit by the 2nd crossbow bolt.
 You are hit by the 3rd crossbow bolt.
 u - a crossbow bolt (3 in total).
 y - a dagger.
 The gnome lord shoots 2 crossbow bolts!
 You are hit by the 1st crossbow bolt.
 You are hit by the 2nd crossbow bolt!
 You die...
 Do you want your possessions identified? [ynq] (y)

Inventory:
 Coins    ('$')
  $ - 41 gold pieces
 Weapons  (')')
  u - 3 +0 crossbow bolts
  w - 8 +1 darts
  r - 22 +0 darts (at the ready)
  y - a +0 dagger
  q - a +0 elven dagger
  a - a blessed +1 mace (weapon in right hand)
  o - a +1 silver saber
 Armor    ('[')
  j - a +0 orcish helm (being worn)
  p - a +0 dwarvish cloak (being worn)
  b - a +0 robe
 Comestibles  ('%')
  e - a clove of garlic
  n - a lembas wafer
  f - a sprig of wolfsbane
  k - a tripe ration
 Spellbooks  ('+')
  g - a spellbook of healing
  h - a spellbook of protection
 Potions  ('!')
  d - 4 potions of holy water
 Rings    ('=')
  m - a ring of aggravate monster
 Tools    ('(')
  i - a tooled horn
  v - a +0 pick-axe
 Gems/Stones  ('*')
  x - an aquamarine stone
  t - a worthless piece of yellow glass named soft

Eymerich the Priest's attributes:

Background:
 You were an Acolyte, a level 4 elven Priest.
 You were chaotic, nominally on a mission for Anshar
 who was opposed by Anu (lawful) and Ishtar (neutral).
 You were right-handed.
 You were in the Gnomish Mines, on level 3.
 You entered the dungeon 1306 turns ago.
 You had 88 experience points, 72 more were needed to attain level 5.

Basics:
 You had 0 out of 27 hit points.
 You had 19 out of 49 energy points (spell power).
 Your armor class was 9.
 Your wallet contained 41 zorkmids.
 Autopickup was off.

Final Characteristics:
 Your strength was 16 (limit:18).
 Your dexterity was 10 (limit:18).
 Your constitution was 12 (limit:16).
 Your intelligence was 11 (limit:20).
 Your wisdom was 18 (limit:20).
 Your charisma was 9 (limit:18).

Final Status:
 You were hungry.
 You were unencumbered.
 You were wielding a mace.
 You had basic skill with mace.

Final Attributes:
 You were devoutly aligned.
 Your items were somewhat protected from fire.
 Your items were somewhat protected from cold.
 You were sleep resistant.
 You had infravision.
 You were warded.
 You are dead.

Miscellaneous:
 You didn't encounter any bones levels.
 Total elapsed playing time was 14 minutes and 5 seconds.

Major events:
 Turn
    1: Eymerich the chaotic elven Priest entered the dungeon
 1039: attained the rank of Acolyte (level 3)
 1174: entered the Gnomish Mines
 1306: killed by a crossbow bolt

Spells:
 Name                 Level Category     Fail Retention
 healing                1   healing        0%  76%-100%
 protection             1   clerical       4%  91%-100%

Skills:
 Fighting Skills
   bare handed combat [Unskilled]
 Weapon Skills
   club               [Unskilled]
   mace               [Basic]
   morning star       [Unskilled]
   flail              [Unskilled]
   hammer             [Unskilled]
   quarterstaff       [Unskilled]
   polearms           [Unskilled]
   spear              [Unskilled]
   trident            [Unskilled]
   lance              [Unskilled]
   bow                [Unskilled]
   sling              [Unskilled]
   crossbow           [Unskilled]
   dart               [Unskilled]
   shuriken           [Unskilled]
   boomerang          [Unskilled]
   unicorn horn       [Unskilled]
 Spellcasting Skills
   healing spells     [Unskilled]
   divination spells  [Unskilled]
   clerical spells    [Basic]

Voluntary challenges:
 Character rerolling was not enabled.
 You were an atheist.
 You were illiterate.
 You never genocided any monsters.
 You never polymorphed an object.
 You never changed form.
 You used no wishes.
Achievements:
 You attained the rank of Acolyte.
 You entered the Gnomish Mines.

 The Dungeons of Doom: levels 1 to 3
    Level 1:
    Level 2: "vault"
       A fountain.
       Stairs down to The Gnomish Mines.
    Level 3:
 The Gnomish Mines:
    Level 3: <- You were here.
       Final resting place for
          you, killed by a crossbow bolt.


Vanquished creatures:
  2 dwarves
  2 coyotes
  a gas spore
  2 hobbits
  3 gnomes
  a gecko
  4 jackals
  2 foxes
  2 kobolds
  a goblin
  5 grid bugs
  3 lichens
  3 kobold zombies
  3 newts
34 creatures vanquished.

No species were genocided or became extinct.

Game over:
                       ----------
                      /          \
                     /    REST    \
                    /      IN      \
                   /     PEACE      \
                  /                  \
                  |     Eymerich     |
                  |      41 Au       |
                  |   killed by a    |
                  |  crossbow bolt   |
                  |                  |
                  |                  |
                  |       2026       |
                 *|     *  *  *      | *
        _________)/\\_//(\/(/\)/\//\/|_)_______

Goodbye Eymerich the Priest...

You died in The Gnomish Mines on dungeon level 3 with 489 points,
and 41 pieces of gold, after 1306 moves.
You were level 4 with a maximum of 27 hit points when you died.

